 Dungeon Crawl Stone Soup version 0.25.0-1-g7eea58d2a3 (console) character file.

Game seed: 3642872023394443184

22 Garrluk the Chopper (level 2, -7/40 HPs)
             Began as a Deep Dwarf Berserker on June 13, 2020.
             Was a Follower of Trog.
             Mangled by an orc
             ... wielding a +0 war axe
              (9 damage)
             ... on level 2 of the Dungeon.
             The game lasted 00:02:06 (309 turns).

Garrluk the Chopper (Deep Dwarf Berserker)           Turns: 309, Time: 00:02:07

Health: -7/40      AC:  5    Str: 20    XL:     2   Next: 68%
Magic:  2/2        EV: 11    Int:  7    God:    Trog [*.....]
Gold:   42         SH:  0    Dex: 12    Spells: 1/1 levels left

rFire    . . .     SeeInvis .   j - +0 war axe
rCold    . . .     Gourm    .   (no shield)
rNeg     . . .     Faith    .   g - +0 ring mail
rPois    .         Spirit   .   (no helmet)
rElec    .         Reflect  .   (no cloak)
rCorr    .         Harm     .   (no gloves)
MR       .....                  (no boots)
Stlth    ..........             (no amulet)
HPRegen  0.00/turn              (no ring)
MPRegen  0.08/turn              (no ring)

@: berserking, non-regenerating, very quick
A: damage resistance, heal wounds, sense surroundings 1, no regeneration
a: Heal Wounds, Berserk, Renounce Religion


You were on level 2 of the Dungeon.
You worshipped Trog.
Trog was aware of your devotion.
You were not hungry.

You visited 1 branch of the dungeon, and saw 3 of its levels.

You collected 42 gold pieces.

Inventory:

Hand Weapons
 j - a +0 war axe (weapon)
Missiles
 f - 24 poisoned darts (quivered)
Armour
 g - a +0 ring mail (worn)
Scrolls
 d - 3 scrolls of identify {unknown}
 i - a scroll of teleportation {unknown}
Potions
 b - a potion of ambrosia {unknown}
 e - 2 potions of curing {unknown}
 h - a potion of mutation {unknown}
Comestibles
 c - 3 rations


   Skills:
 - Level 2.6 Fighting
 * Level 4.4 Axes
 - Level 2.1 Armour
 - Level 2.1 Dodging


You had one spell level left.
You didn't know any spells.
Your spell library was empty.

Dungeon Overview and Level Annotations

Branches:
Dungeon (3/15)

Altars:


Innate Abilities, Weirdness & Mutations

You are resistant to damage.
You can heal yourself by infusing magical energy.
You passively map a small area around you.
You do not regenerate.


Message History

You kill the orc!
Trog accepts your kill.
You see here a +0 war axe.
j - a +0 war axe
j - a +0 war axe (weapon)
Drop what? 10/52 slots (_ for help) (? for menu, Esc to quit)
You drop a +0 hand axe.
You see here a +0 hand axe.
There is a stone staircase leading up, spattered with blood here.
You climb upwards.
The orc closely misses you. The orc hits you with a +0 war axe.
The adder barely misses you. The goblin hits you with a +0 club.
The orc hits you.
* * * LOW HITPOINT WARNING * * *
The adder bites you.
* * * LOW HITPOINT WARNING * * *
The orc hits you with a +0 war axe.
* * * LOW HITPOINT WARNING * * *
The orc barely misses you.
There is a stone staircase leading down here.
A red film seems to cover your vision as you go berserk!
You feel yourself moving faster!
You feel mighty!
You feel a lot more hungry. The goblin hits you but does no damage.
The adder closely misses you. The orc misses you.
The orc hits you but does no damage. The orc hits you with a +0 war axe!
You die...

..# * ... , *
#.# ,* * ,,,* *
, , , ** * * *
** * , , , ** *
* ##### ,. ,
......#####....
* * #.o@S......
#....goo......
,
#.########....,
### * *, * , *
, , * , , *
,,,, * , , * *


You could see an adder, 3 orcs and a goblin.

Vanquished Creatures
  An adder (D:2)
  An ooze (D:1)
  An orc (D:3)
  A goblin (D:1)
  A hobgoblin (D:1)
  A quokka (D:3)
  A bat (D:3)
  A frilled lizard (D:1)
  A rat (D:3)
9 creatures vanquished.

Notes
Turn   | Place    | Note
-------+----------+-------------------------------------------
     0 | D:1      | Garrluk the Deep Dwarf Berserker began the quest for the
                  | Orb.
     0 | D:1      | Reached XP level 1. HP: 20/20 MP: 1/1
   109 | D:1      | Reached XP level 2. HP: 27/27 MP: 2/2
   207 | D:2      | Reached skill level 4 in Axes
   309 | D:2      | Mangled by an orc

Illustrated notes

Levels and vault maps discovered:
D:1:      dpeg_arrival_long_road, layout_basic
D:2:      layout_loops_ring, first_ration, uniq_robin
D:3:      layout_basic, feat_on_display

Skill      XL: |  1  2 |
---------------+-------+-----
Axes           | 4 |  4.4
Fighting       | |  2.6
Armour         | |  2.1
Dodging        | |  2.1

Action                   || total
-------------------------++-------
Melee: Hand axe          ||    22
Invok: Berserk           ||     1
Armor: Ring mail         ||     6
Dodge: Dodged            ||    18
